 Dungeon Crawl Stone Soup version 0.32-a0-900-g30fb1b0edc (webtiles) character file.

Game seed: 16260011493442463845

200 Ruich the Magician (level 6, -5/45 HPs)
             Began as a Djinni Alchemist on Apr 6, 2024.
             Killed by psychic fangs
             ... invoked by a brain worm
              (16 damage)
             ... in a sewer.
             The game lasted 00:05:28 (3069 turns).

Ruich the Magician (Djinni Alchemist)               Turns: 3069, Time: 00:05:29

Health: -5/45      AC:  2    Str:  7    XL:     6   Next: 7%
Gold:   161        EV: 12    Int: 18    God:
                   SH:  0    Dex: 20

rFire   + + .        l - +3 dagger
rCold   x . .        (no shield)
rNeg    . . .        a - +0 robe
rPois   ∞            (no helmet)
rElec   .            (no cloak)
rCorr   .            (no gloves)
SInv    .            (boots unavailable)
Will    .....        (no amulet)
Stlth   ++           b - +6 ring of dexterity
HPRegen 0.27/turn    (no ring)

%: infuse magic (-6 HP)
@: flying
A: sickness immunity, fire resistance 2, cold vulnerability 1, float, innate
caster, HP casting, extra vitality 1
a: no special abilities


You were in a sewer.
You visited 1 branch of the dungeon, and saw 3 of its levels.
You also visited: Sewer.

You collected 161 gold pieces.


Innate Abilities, Weirdness & Mutations

You are immune to sickness and miasma.
You are immune to poison.
Your flesh is very heat resistant. (rF++)
You are vulnerable to cold. (rC-)
You float through the air rather than walking.
You learn spells naturally, not from books.
Your magical power is your life essence.
You have superior vitality. (+4 MHP)


   Skills:
 + Level 2.7 Fighting
 - Level 2.1 Dodging
 - Level 1.5 Stealth
 * Level 4.7 Spellcasting
 * Level 4.7 Conjurations
 * Level 4.7 Hexes
   Level 0.0 Charms
 * Level 4.7 Summonings
 * Level 4.7 Necromancy
 * Level 4.7 Translocations
   Level 0.0 Transmutations
 * Level 4.7 Fire Magic
 * Level 4.7 Ice Magic
 * Level 4.7 Air Magic
 * Level 4.7 Earth Magic
 * Level 4.7 Alchemy


You knew the following spells:

 Your Spells              Type           Power      Damage    Failure   Level
c - Mephitic Cloud        Conj/Alch/Air  21%        N/A       6%          3
m - Mercury Vapours       Alch/Air       42%        N/A       3%          2
o - Olgreb's Toxic Radia  Alch           21%        N/A       21%         4
s - Slow                  Hex            84%        N/A       1%          1
y - Sticky Flame          Fire/Alch      21%        2d6       21%         4
z - Sting                 Conj/Alch      84%        1d8       1%          1
X - Momentum Strike       Conj/Tloc      42%        3d9       3%          2
Your spell library was empty.

Inventory:

Hand Weapons
 l - a +3 dagger (weapon)
Armour
 a - a +0 robe (worn)
Jewellery
 b - a +6 ring of dexterity (left hand)
Wands
 h - a wand of flame (12)
Scrolls
 c - 2 scrolls of identify {unknown}
 d - a scroll of revelation {unknown}
 e - 2 scrolls of fear {unknown}
 f - a scroll of amnesia {unknown}
 g - a scroll of immolation {unknown}
 m - a scroll of silence {unknown}
Potions
 i - 2 potions of brilliance {unknown}
 j - a potion of curing {unknown}
 k - a potion of attraction {unknown}
 n - a potion of magic {unknown}

Dungeon Overview and Level Annotations

Branches:
Dungeon (3/15) Zot: 15845   Sewer (1/1) Zot: 5086

Altars:

Shops:
D:1

* .~~~..~.#
####.~.~~.## .~
~~~~..~..).# P###
######K.w~~.## ~.~≈≈≈
≈≈≈≈...~K.~.≈##
P.~≈≈≈≈≈≈≈≈≈.#~#~≈≈≈≈#
~P.~≈≈≈≈≈≈≈≈ #~#≈≈≈≈##
~~..≈≈≈≈≈≈≈ #~#≈≈≈≈≈#
..P~≈≈ ≈≈≈ #~#@≈≈###
.~P.##### #≈#~#≈≈≈≈#
~~P.~≈≈ ≈≈#~#≈≈≈##
~..P########≈#~#≈≈≈###
....~≈≈≈≈≈≈≈≈#~#≈≈≈≈≈#
..~.~≈≈≈≈≈≈≈≈#~#≈≈≈≈##
.~..~≈≈≈≈≈≈≈.#~#~≈≈≈≈#
#)~~~~≈≈≈≈≈≈)..P~≈≈≈##
##....≈≈≈≈≈≈..P†.≈≈≈#


You could see a kobold brigand (poisoned) and a brain worm.


Message History

The curare-tipped dart hits you. You resist.
You start resting.
HP restored.
The brain worm's throbbing head pulsates.
Something gnaws heavily on your mind!
The kobold brigand shouts!
Casting: Sting (safe; 1% risk of failure)
Confirm with . or Enter, or press ? or * to list all spells.
Aiming: Sting (safe; 1% risk of failure)
Press: ? - help, Shift-Dir - straight line, f - kobold brigand
Aim: a kobold brigand, wielding a +0 club and quivering curare-tipped darts (70% to hit)
The kobold brigand is poisoned.
The kobold brigand is lightly wounded.
The brain worm's bulging head throbs.
Something gnaws heavily on your mind!
* * * LOW HITPOINT WARNING * * *
Casting: Sting (safe; 1% risk of failure)
Confirm with . or Enter, or press ? or * to list all spells.
Aiming: Sting (safe; 1% risk of failure)
Press: ? - help, Shift-Dir - straight line, f/p - kobold brigand
Aim: a kobold brigand, wielding a +0 club and quivering curare-tipped darts (lightly wounded, poisoned, 70% to hit)
The kobold brigand looks even sicker.
The kobold brigand is moderately wounded.
* * * LOW HITPOINT WARNING * * *
The brain worm's throbbing head pulsates.
Something gnaws heavily on your mind!
* * * LOW HITPOINT WARNING * * *
The brain worm's throbbing head pulsates.
Something gnaws heavily on your mind!
You die...

Skill      XL: |  1  2  3  4 |
---------------+-------------+-----
Fighting       | 1 2 |  2.7
Spellcasting   | 4 |  4.7
Conjurations   | 4 |  4.7
Hexes          | 4 |  4.7
Summonings     | 4 |  4.7
Necromancy     | 4 |  4.7
Translocations | 4 |  4.7
Fire Magic     | 4 |  4.7
Ice Magic      | 4 |  4.7
Air Magic      | 4 |  4.7
Earth Magic    | 4 |  4.7
Alchemy        | 4 |  4.7
Dodging        | |  2.1
Stealth        | |  1.5

Action                     |  1- 3 |  4- 6 || total
---------------------------+-------+-------++-------
  Melee: Dagger            |       |     3 ||     3
   Cast: Sting             |    62 |    58 ||   120
         Mercury Vapours   |       |     7 ||     7
         Olgreb's Toxic Ra |       |     3 ||     3
 Armour: Robe              |     8 |    20 ||    28
  Dodge: Dodged            |    18 |    17 ||    35

Levels and vault maps discovered:
D:1:      nzn_arrival_water_spiral, layout_loops_ring, serial_shops,
          nicolae_shop_window_shopping, nicolae_kite_square_tiling_tiny,
          minmay_tetromino_t2
D:2:      layout_loops_ring, roderic_serpentine_path
D:3:      layout_basic, yredelemnul_altar_generic, gup_sewer_entry_glass,
          minmay_misc_feat_iff
Sewer:    sewer_co_scattered_pipes

Notes
Turn   | Place    | Note
-------+----------+-------------------------------------------
     0 | D:1      | Ruich the Djinni Alchemist began the quest for the Orb.
     0 | D:1      | Ruich set off with the following spells memorised: Sting,
                  | Mercury Vapours, Mephitic Cloud, Olgreb's Toxic Radiance,
                  | Sticky Flame.
     0 | D:1      | Reached XP level 1. HP: 15/15 MP: 0/0
   191 | D:1      | Found Qaxku's Assorted Antiques.
   259 | D:1      | Reached XP level 2. HP: 20/22 MP: 0/0
   426 | D:1      | Reached skill level 1 in Fighting
   567 | D:1      | Reached XP level 3. HP: 24/27 MP: 0/0
   567 | D:1      | Learned a level 1 spell: Slow
  1519 | D:2      | Reached XP level 4. HP: 30/32 MP: 0/0
  2123 | D:3      | Reached skill level 4 in Spellcasting
  2123 | D:3      | Reached skill level 4 in Conjurations
  2123 | D:3      | Reached skill level 4 in Hexes
  2123 | D:3      | Reached skill level 4 in Summonings
  2123 | D:3      | Reached skill level 4 in Necromancy
  2123 | D:3      | Reached skill level 4 in Translocations
  2123 | D:3      | Reached skill level 4 in Fire Magic
  2123 | D:3      | Reached skill level 4 in Ice Magic
  2123 | D:3      | Reached skill level 4 in Air Magic
  2123 | D:3      | Reached skill level 4 in Earth Magic
  2123 | D:3      | Reached skill level 4 in Alchemy
  2124 | D:3      | Found a glowing drain.
  2135 | D:3      | Reached skill level 2 in Fighting
  2156 | Sewer    | Entered a sewer
  2432 | Sewer    | Reached XP level 5. HP: 33/38 MP: 0/0
  2432 | Sewer    | Learned a level 2 spell: Momentum Strike
  2558 | Sewer    | Noticed a kobold brigand
  2581 | Sewer    | Killed a kobold brigand
  2741 | Sewer    | Noticed a brain worm
  2753 | Sewer    | Noticed a kobold brigand
  2756 | Sewer    | Reached XP level 6. HP: 23/45 MP: 0/0
  3069 | Sewer    | Killed from afar by a brain worm

Vanquished Creatures
  A kobold brigand (Sewer)
  6 adders
  A river rat (Sewer)
  2 dart slugs
  A ribbon worm (D:2)
  3 orcs (D:3)
  4 ball pythons
  2 bats (D:2)
  An endoplasm (D:2)
  3 giant cockroaches
  5 goblins
  7 hobgoblins
  4 jackals
  3 quokkas
  9 frilled lizards
  6 kobolds
  4 rats
62 creatures vanquished.

Table legend: (Time is in decaauts)
 A = Elapsed time spent in this place.
 B = Non-inter-level travel time spent in this place.
 C = Inter-level travel time spent in this place.
 D = Time resting spent in this place.
 E = Time spent auto-exploring this place.
 F = Levels seen in this place.
 G = Mean time per level.
                   A        B        C        D        E       F      G
               +--------+--------+--------+--------+--------+-----+--------+
         Total |   3067 |   3026 |     41 |    984 |   1581 |   4 |  766.8 |
       Dungeon |   2154 |   2113 |     41 |    339 |   1463 |   3 |  718.0 |
         Sewer |    912 |    912 |      0 |    645 |    118 |   1 |  912.0 |
               +--------+--------+--------+--------+--------+-----+--------+

Top non-repeatable levels by time:
     D:2: 1067 daAuts
   Sewer: 912 daAuts
     D:1: 827 daAuts
     D:3: 259 daAuts

Table legend:
 A = Non-vault XP
 B = Vault XP
 C = Vault XP percentage of total XP
 D = Non-vault monster count
 E = Vault monster count
 F = Vault count percentage of total count
                 A         B        C        D         E       F
            +---------+---------+-------+---------+---------+-------
      Total |      88 |     199 |  69.3 |      38 |      24 |  38.7
            +---------+---------+-------+---------+---------+-------
        D:1 |      30 |       1 |   3.2 |      16 |       1 |   5.9
        D:2 |      45 |       0 |   0.0 |      17 |       0 |   0.0
        D:3 |      13 |      29 |  69.0 |       5 |       3 |  37.5
      Sewer |       0 |     169 | 100.0 |       0 |      20 | 100.0
            +---------+---------+-------+---------+---------+-------
